AoeStats
← lbaquino21

Arabia

510101016Analyzed
1v1 RM · 1d ago on Sep 29, 2026· 27m 0s· 2 players
Game mode
Random Map
Map size
Tiny (2 player)
Population
200
Speed
Normal
Resources
Standard
Victory
Conquest
Starting age
Dark Age
Ending age
Imperial Age
RankedLock teamsTeams togetherTeam positionsShared explorationLock speedFull tech treeHidden civsTurbo modeCheats
Victory
Defeat
🇨🇱 Goths · Chile
519
+15
🇧🇷 Bengalis · Brazil
488
-15
lbaquino21
8:59 Loom
12:49 Feudal Age
17:26 Wheelbarrow
16:33 Horse Collar
16:41 Double-Bit Axe
24:14 Castle Age
22:32 Stone Mining
22:35 Gold Mining
p.lagosfr
1:20 Loom
11:18 Feudal Age
11:51 Double-Bit Axe
11:49 Horse Collar
12:26 Gold Mining
14:05 Man-at-Arms
15:45 Forging
15:36 Scale Mail Armor
20:28 Castle Age
21:36 Chain Mail Armor
21:28 Long Swordsman
22:27 Heavy Plow
23:54 Iron Casting
Connection lost

Rejoining the realm…

Still unreachable

The connection could not be restored.

Session expired

The server has moved on; the page needs a fresh start.